 Dungeon Crawl Stone Soup version 0.29.1-2-gbd0b4ee654 (webtiles) character file.

Game seed: 837401302833656375

2 Rumi the Caller (level 1, 0/7 HPs)
             Began as a Felid Summoner on Oct 30, 2022.
             Slain by a bat (1 damage)
             ... on level 1 of the Dungeon.
             The game lasted 00:03:49 (151 turns).

Rumi the Caller (Felid Summoner)                     Turns: 151, Time: 00:03:50

Health: 0/7        AC:  1    Str:  4    XL:     1   Next: 33%
Magic:  3/4        EV: 17    Int: 16    God:
Gold:   0          SH:  0    Dex: 16    Spells: 3/4 levels left
                                        Lives:  0   Deaths: 0

rFire   . . .      SeeInvis +   (weapon unavailable)
rCold   . . .      Faith    .   (shield unavailable)
rNeg    . . .      Spirit   .   (body armour unavailable)
rPois   .          Reflect  .   (helmet unavailable)
rElec   .          Harm     .   (cloak unavailable)
rCorr   .          Rampage  .   (gloves unavailable)
Will    .....                   (boots unavailable)
Stlth   ++........              (no amulet)
HPRegen 0.02/turn               (no ring)
MPRegen 0.09/turn               (no ring)

@: quick
A: very small, claws 1, fangs 3, see invisible, speed 1, shaggy fur 1, stealthy
paws, no weapons or thrown items, no armour, multi-lived
a: no special abilities


You were on level 1 of the Dungeon.
You visited 1 branch of the dungeon, and saw 1 of its levels.

Inventory:

Hand Weapons
 b - a +0 sling
Scrolls
 d - a scroll of identify {unknown}
Potions
 a - a potion of magic
 c - a potion of berserk rage {unknown}


   Skills:
 + Level 2.7 Dodging
 + Level 2.7 Stealth
 + Level 2.0 Spellcasting
 + Level 4.1 Summonings


You had 3 spell levels left.
You knew the following spells:

 Your Spells              Type           Power      Damage    Failure   Level
a - Summon Small Mammal   Summ           56%        N/A       3%          1

Your spell library contained the following spells:

 Spells                   Type           Power      Damage    Failure   Level
 Call Imp                 Summ           14%        N/A       6%          2
 Call Canine Familiar     Summ           14%        N/A       12%         3
 Summon Guardian Golem    Hex/Summ       8%         N/A       26%         3
 Summon Lightning Spire   Summ/Air       8%         N/A       65%         4


Dungeon Overview and Level Annotations

Branches:
Dungeon (1/15)

Altars:


Innate Abilities, Weirdness & Mutations

You have sharp claws.
You have razor-sharp teeth.
You have supernaturally acute eyesight. (SInv)
You cover ground quickly. (Speed+)
You are covered in fur. (AC +1)
Your paws help you pounce on unaware monsters.
You are incapable of wielding weapons or throwing items.
You cannot wear armour.
You gain extra lives every three experience levels.


Message History

Your rat bites the bat but does no damage.
Your rat bites the bat.
The bat barely misses your rat.
Your rat bites the bat.
The bat hits you but does no damage. The endoplasm misses your rat.
The bat completely misses you.
Your rat bites the bat but does no damage.
The bat barely misses you. The endoplasm freezes you.
You are frozen.
Ouch! That really hurt!
* * * LOW HITPOINT WARNING * * *
The bat attacks as you move away! The bat misses you.
The bat closely misses you. The bat attacks as you move away!
The bat completely misses you. The bat hits you but does no damage.
Found 13 gold pieces.
Your rat misses the bat. The bat attacks as you move away!
The bat barely misses you. x2
Casting: Summon Small Mammal (safe; 3% risk of failure)
Confirm with . or Enter, or press ? or * to list all spells.
You don't know that spell.
Casting: Summon Small Mammal (safe; 3% risk of failure)
Confirm with . or Enter, or press ? or * to list all spells.
The bat completely misses you. The endoplasm hits your rat.
The bat hits your rat but does no damage.
Your rat bites the endoplasm.
The bat attacks as you move away! The bat misses you. The bat hits your rat.
The endoplasm barely misses your rat.
Your rat bites the endoplasm.
The bat hits your rat.
Your rat dies!
Your rat's corpse disappears in a puff of smoke!
Your rat barely misses the bat.
The bat barely misses you. x2
The bat barely misses you. The bat attacks as you move away!
The bat barely misses you. The bat completely misses you.
The bat hits you but does no damage.
Casting: Summon Small Mammal (safe; 3% risk of failure)
Confirm with . or Enter, or press ? or * to list all spells.
The bat hits you.
You die...

#. ##.##....##.... #
#...#....# .... #
##...#....# ##.
#.#....#....# ...
#.#.##......#........
#.........J.#........#
###.#####...#........
#.......r.#.......
#..#..@b..........
#..#............######.
#..#r..................
#......................
##..............†......
#'.................###.
##.............†...#
#.................#
#...###........####


You could see an endoplasm (distracted), a bat (ally target), a friendly quokka
(summoned) and a friendly rat (summoned).

Vanquished Creatures (collateral kills)
  A bat (D:1)
  2 ball pythons (D:1)
3 creatures vanquished.

Notes
Turn   | Place    | Note
-------+----------+-------------------------------------------
     0 | D:1      | Rumi the Felid Summoner began the quest for the Orb.
     0 | D:1      | Reached XP level 1. HP: 7/7 MP: 4/4
   151 | D:1      | Slain by a bat

Illustrated notes

Levels and vault maps discovered:
D:1:      lemuel_arrival_muddy, layout_basic, corexii_corridor_pit,
          minmay_tromino_v7

Action                   || total
-------------------------++-------
 Cast: Summon Small Mamm ||     4
Armor: Skin              ||     3
Dodge: Dodged            ||    26
